 Dungeon Crawl Stone Soup version 0.18.1-8-gdd0e5ea (webtiles) character file.

1840 khortar the Ruffian (level 8, -10/79 HPs)
             Began as a Troll Berserker on June 10, 2016.
             Was a Priest of Trog.
             Mangled by an orc warrior
             ... wielding a +0 trident
              (13 damage)
             ... on level 7 of the Dungeon.
             The game lasted 00:46:02 (4795 turns).

khortar the Ruffian (Troll Berserker)               Turns: 4795, Time: 00:46:04

Health: -10/79     AC:  8    Str: 28    XL:     8   Next: 87%
Magic:  7/7        EV: 11    Int:  3    God:    Trog [***...]
Gold:   266        SH:  0    Dex:  9    Spells: 0 memorised, 7 levels left

rFire  . . .     SeeInvis +       - Unarmed
rCold  . . .     Gourm    +     a - +0 animal skin
rNeg   . . .     Faith    .     (no shield)
rPois  .         Spirit   .     x - +1 hat
rElec  .         Dismiss  .     K - +1 cloak
rCorr  .         Reflect  .     (gloves unavailable)
SustAt .         Harm     .     (boots unavailable)
MR     .....                    (no amulet)
Stlth  ++........               h - ring of see invisible
                                j - ring of stealth

@: exhausted, slowed, very slow, not resistant to hostile enchantments,
unstealthy
A: unfitting armour, claws 3, fast metabolism 3, gourmand, regeneration 2,
shaggy fur 1, tough skin 2
a: Berserk, Trog's Hand, Burn Spellbooks, Renounce Religion


You were on level 7 of the Dungeon.
You worshipped Trog.
Trog was most pleased with you.
You were very full.

You visited 1 branch of the dungeon, and saw 7 of its levels.

You collected 266 gold pieces.

Inventory:

Hand Weapons
 y - a +0 rapier of venom
 G - a +0 hunting sling
 R - a +1 mace of holy wrath
Missiles
 p - 204 stones (quivered)
 B - 34 poisoned needles
 H - 8 needles of sleeping
 J - 3 tomahawks
Armour
 a - a +0 animal skin (worn)
 f - a +0 plate armour
 l - a +0 robe
 m - a +0 robe
 r - a cursed +0 leather armour
 t - a +0 robe
 w - a +0 ring mail
 x - a +1 hat (worn)
 C - a +0 leather armour
 D - a +3 leather armour of magic resistance
 E - a +1 pair of boots
 F - a +0 ring mail
 K - a +1 cloak (worn)
 M - a +0 leather armour
Jewellery
 h - a ring of see invisible (right claw)
 j - a ring of stealth (left claw)
Wands
 s - a wand of random effects (16/48)
 v - a wand of flame (23/48)
Scrolls
 g - a scroll of teleportation
 z - 3 scrolls of remove curse
 P - a scroll of fog
 T - a scroll of immolation
Potions
 d - 4 potions of curing {unknown}
 e - 2 potions of degeneration {unknown}
 i - a potion of brilliance {unknown}
 k - 3 potions of might {unknown}
 n - a potion of resistance {unknown}
 q - a potion of magic {unknown}
 u - 2 potions of lignification {unknown}
 I - 2 potions of heal wounds {unknown}
Comestibles
 b - 4 bread rations
 c - a royal jelly
 o - a fruit
 A - a chunk of flesh
 N - a slice of pizza


   Skills:
 + Level 4.9 Fighting
 - Level 2.0 Throwing
 * Level 2.1 Armour
 + Level 6.4 Dodging
 + Level 7.1 Unarmed Combat


You had 7 spell levels left.
You didn't know any spells.

Dungeon Overview and Level Annotations

Branches:
Dungeon (7/15)             Temple (0/1) D:6

Altars:
Makhleb
Sif Muna
Trog
Vehumet
Xom
Yredelemnul

Shops:
D:4 !:


Innate Abilities, Weirdness & Mutations

You are too large for most types of armour.
You have claws for hands.
Your metabolism is lightning-fast.
You like to eat raw meat.
You heal very quickly.
You are covered in fur (AC +1).
You have very tough skin (AC +2).


Message History

The ice beast is heavily wounded.
The ice beast misses you.
The orc warrior hits you from afar with a trident!!
You barely miss the ice beast. You claw the ice beast.
The ice beast is severely wounded.
The ice beast hits you. The ice beast freezes you!
The orc priest closely misses you.
The orc warrior hits you from afar with a trident!
* * * LOW HITPOINT WARNING * * *
You closely miss the ice beast. You claw the ice beast!
The ice beast is almost dead.
The ice beast closely misses you.
The orc priest hits you but does no damage.
The orc warrior completely misses you.
The ice beast hits you but does no damage.
The orc priest invokes the aid of Beogh against you.
Pain shoots through your body!
* * * LOW HITPOINT WARNING * * *
The orc warrior hits you from afar with a trident!
You die...

#########......#.#
..##.........#.....#.# .
.....######.##.....#.#
......$.....(........#.#
..............##.....#.#
............#...######.#
..... #.........# ...#
......##Yo......# ###
#..@o....)..#
#.....######(#### .....
#...Y #### .....o..
###........ #........
###'#.... .#....


You could see an orc warrior, an ice beast and an orc priest.

Vanquished Creatures
  Sigmund (D:2)
  Menkaure (D:4)
  Duvessa (D:5)
  A phantom (D:4)
  2 orc warriors
  2 ice beasts
  A centaur (D:7)
  Blork the orc (D:6)
  3 giant frogs (D:6)
  Dowan (D:5)
  A howler monkey (D:5)
  A crimson imp (D:5)
  2 orc priests
  3 hounds
  Crazy Yiuf (D:5)
  A giant frog skeleton (D:4)
  2 iguanas (D:5)
  3 worker ants
  Natasha (twice) (D:2)
  An orc wizard (D:7)
  A worker ant zombie (D:5)
  4 adders
  A worm (D:4)
  A dart slug (D:1)
  22 orcs
  8 bats
  3 giant cockroaches
  3 goblins (D:1)
  6 hobgoblins
  2 jackals (D:1)
  4 kobolds (D:3)
  3 quokkas
  4 giant newts
  4 rats
  A plant (D:3)
98 creatures vanquished.

Notes
Turn   | Place    | Note
--------------------------------------------------------------
     0 | D:1      | khortar the Troll Berserker began the quest for the Orb.
     0 | D:1      | Reached XP level 1. HP: 22/22 MP: 0/0
   256 | D:1      | Reached XP level 2. HP: 29/29 MP: 1/1
   728 | D:1      | Reached ** piety under Trog
  1059 | D:2      | Found a deep blue altar of Sif Muna.
  1059 | D:2      | Found a burning altar of Makhleb.
  1059 | D:2      | Noticed Natasha
  1064 | D:2      | Killed Natasha
  1064 | D:2      | Reached XP level 3. HP: 36/36 MP: 2/2
  1097 | D:2      | Noticed Natasha
  1100 | D:2      | Killed Natasha
  1100 | D:2      | Reached skill level 1 in Throwing
  1100 | D:2      | Reached XP level 4. HP: 37/44 MP: 3/3
  1130 | D:2      | Noticed Sigmund
  1143 | D:2      | Killed Sigmund
  1143 | D:2      | Reached skill level 4 in Unarmed Combat
  1143 | D:2      | Reached XP level 5. HP: 52/53 MP: 4/4
  1275 | D:3      | Reached XP level 6. HP: 61/61 MP: 5/5
  1488 | D:3      | Found a shimmering altar of Xom.
  1534 | D:3      | Found a bloodstained altar of Trog.
  1692 | D:3      | Found a radiant altar of Vehumet.
  1877 | D:4      | Found Liacevua's Book Shop.
  1919 | D:4      | Noticed Menkaure
  2024 | D:4      | Found Kiduzin's Magic Scroll Boutique.
  2061 | D:4      | Reached skill level 5 in Unarmed Combat
  2418 | D:4      | Killed Menkaure
  2418 | D:4      | Reached XP level 7. HP: 14/68 MP: 6/6
  2541 | D:4      | Found Nonu's Distillery.
  2885 | D:5      | Entered Level 5 of the Dungeon
  2916 | D:4      | You fall through a shaft!
  3102 | D:5      | Reached skill level 6 in Unarmed Combat
  3276 | D:5      | Noticed Dowan
  3283 | D:5      | Killed Dowan
  3355 | D:5      | Reached skill level 5 in Dodging
  3463 | D:5      | Noticed Duvessa
  3476 | D:5      | Killed Duvessa
  3476 | D:5      | Reached XP level 8. HP: 78/78 MP: 7/7
  3517 | D:5      | Found a basalt altar of Yredelemnul.
  3677 | D:5      | Noticed Crazy Yiuf
  3688 | D:5      | Killed Crazy Yiuf
  4113 | D:6      | Found a staircase to the Ecumenical Temple.
  4144 | D:6      | Noticed Blork the orc
  4159 | D:6      | Killed Blork the orc
  4256 | D:6      | Reached skill level 1 in Armour
  4326 | D:6      | Reached *** piety under Trog
  4607 | D:7      | Reached skill level 7 in Unarmed Combat
  4795 | D:7      | HP: 3/79 [orc priest/nerve-wracking pain (13)]
  4795 | D:7      | Mangled by an orc warrior

Skill      XL: |  1  2  3  4  5  6  7  8 |
---------------+-------------------------+-----
Throwing       | 1 2 |  2.0
Dodging        | 3 4 5 6 |  6.4
Fighting       | 3 4 |  4.9
Unarmed Combat | 4 5 6 7 |  7.1
Armour         | 2 |  2.1

Action                   |  1- 3 |  4- 6 |  7- 9 || total
-------------------------+-------+-------+-------++-------
Melee: Unarmed           |    56 |   103 |   155 ||   314
       Dagger            |     3 |       |       ||     3
       Punch             |     1 |     2 |     6 ||     9
       Short sword       |       |       |    13 ||    13
Throw: Stone             |     9 |    12 |    43 ||    64
       Tomahawk          |       |       |     1 ||     1
Invok: Berserk           |     1 |     2 |     3 ||     6
       Trog's Hand       |       |     3 |     2 ||     5
       Burn Spellbooks   |       |       |     1 ||     1
  Use: Scroll            |     5 |     6 |     7 ||    18
 Stab: Sleeping          |       |     2 |     1 ||     3
  Eat: Chunk             |    14 |    16 |    16 ||    46
       Bread ration      |       |       |     2 ||     2
       Fruit             |       |       |     1 ||     1
Armor: Animal skin       |    29 |    25 |    57 ||   111
Dodge: Dodged            |    43 |    58 |    92 ||   193
